 Dungeon Sprint DCSS version 0.27.1-33-g824d729ab1 (webtiles) character file.

Game seed: 7637241887376058782

16912 manyhoops the Ninja (level 12, -10/51 HPs)
             Began as a Spriggan Enchanter on Dec 3, 2021.
             Was the Champion of Dithmenos.
             Succumbed to poison (dark miasma)
             ... in the Dungeon (Sprint I: "Red Sonja").
             The game lasted 00:13:04 (2000 turns).

manyhoops the Ninja (Spriggan Enchanter)            Turns: 2000, Time: 00:13:05

Health: -10/51     AC:  8    Str:  4    XL:     12   Next: 14%
Magic:  13/17      EV: 17    Int: 24    God:    Dithmenos [******]
Gold:   1168       SH:  6    Dex: 24    Spells: 4/16 levels left

rFire    + . .     SeeInvis +   r - +7 dagger of Ru's Supremacy {drain, rN+ Dex+5}
rCold    + + +     Faith    .   i - +0 buckler {rF+}
rNeg     + . .     Spirit   .   u - +4 skin of Zhor {*Englaciate rC+++ SInv}
rPois    .         Reflect  .   g - +2 hat
rElec    .         Harm     .   s - scarf {+Inv}
rCorr    .         Rampage  .   (gloves unavailable)
Will     ++...     NoTele   +   (boots unavailable) Stlth *********+
                                (no amulet)
HPRegen  0.17/turn              q - +6 ring of intelligence
MPRegen  0.15/turn              p - ring of wizardry

@: lethally poisoned (-10 -> -87), slowed, wreathed by umbra, quick
A: very small, no large weapons, unfitting armour, see invisible, speed 3
a: Renounce Religion, Evoke Invisibility, Shadow Step, Shadow Form


You were in the Dungeon.
You worshipped Dithmenos.
Dithmenos was exalted by your worship.
You visited 1 branch You collected 4153 gold pieces.
You spent 2985 gold pieces at shops.

Inventory:

Hand Weapons
 a - a +1 dagger
 r - the +7 dagger of Ru's Supremacy (weapon) {drain, rN+ Dex+5}
   (You bought it in a shop in the Dungeon)

   A truly terrible weapon, it drains the life of any living foe it strikes.
   Dex:       It affects your dexterity (+5).
   rN:        It protects you from negative energy.
Armour
 g - a +2 hat (worn)
 i - a +0 buckler of fire resistance (worn)
 o - a +2 cloak
 s - a scarf of invisibility (worn)
 u - the +4 skin of Zhor (worn) {*Englaciate rC+++ SInv}
   (You bought it in a shop in the Dungeon)

   It radiates cold, occasionally slowing all nearby creatures who are not
   resistant to cold.
   rC:        It renders you almost immune to cold.
   SInv:      It lets you see invisible.
Jewellery
 p - a ring of wizardry (right hand)
 q - a +6 ring of intelligence (left hand)
Wands
 m - a wand of mindburst (10)
Scrolls
 b - a scroll of magic mapping
 d - a scroll of immolation {unknown}
 h - 3 scrolls of blinking
 j - a scroll of torment
 n - a scroll of holy word {unknown}
Potions
 c - 5 potions of curing
 e - a potion of haste
 f - a potion of magic
 k - a potion of might
 l - 2 potions of flight


   Skills:
 * Level 21.4 Short Blades
 - Level 2.6 Dodging
 O Level 27 Stealth
 - Level 2.6 Spellcasting
 - Level 12.8 Hexes


You had 4 spell levels left.
You knew the following spells:

 Your Spells              Type           Power      Damage    Failure   Level
a - Corona                Hex            65%        N/A       1%          1
b - Ensorcelled Hibernat  Hex/Ice        66%        N/A       1%          2
c - Confusing Touch       Hex            59%        N/A       1%          3
d - Dazzling Flash        Conj/Hex       66%        N/A       1%          3
e - Tukima's Dance        Hex            59%        N/A       1%          3

Your spell library contained the following spells:

 Spells                   Type           Power      Damage    Failure   Level
 Wereblood                Tmut           3%         N/A       12%         2
 Conjure Flame            Conj/Fire      3%         6-21      22%         3
 Ignite Poison            Fire/Tmut/Pois 3%         N/A       22%         3
 Ozocubu's Armour         Ice            3%         N/A       22%         3
 Sticky Flame             Conj/Fire      3%         2d3       56%         4
 Metabolic Englaciation   Hex/Ice        16%        N/A       16%         5
 Fireball                 Conj/Fire      1%         3d3       87%         5
 Simulacrum               Ice/Necr       1%         N/A       100%        6
 Orb of Destruction       Conj           1%         N/A       100%        7


Dungeon Overview and Level Annotations

Branches:
Dungeon (1/1)

Altars:
Cheibriados
Dithmenos
Elyvilon
Fedhas
Gozag
Hepliaklqana
Kikubaaqudgha
Makhleb
Nemelex Xobeh
Okawaru
Qazlal
Ru
Sif Muna
Trog
Uskayaw
Vehumet
Wu Jian
Xom
Yredelemnul
Zin
The Shining One
Jiyva
Lugonu

Shops:
D *?*[([*((?[*(([[:

Annotations:
D Lom Lobon


Innate Abilities, Weirdness & Mutations

You are very small and have problems with some larger weapons.
You are too small for most types of armour.
You have supernaturally acute eyesight. (SInv)
You cover ground extremely quickly. (Speed+++)


Message History

Aim: Lom Lobon (foul pestilence, asleep, umbra) Really shadow step into that cloud of foul pestilence?
You step into Lom Lobon's shadow.
You are engulfed in dark miasma.
You are poisoned.
You feel very sick.
Found an embroidered scarf, a short glowing staff and a glowing ring mail.
The helpless Lom Lobon fails to defend themself.
You spit Lom Lobon like a pig!!!!!!
Lom Lobon is almost dead.
You are engulfed in dark miasma.
You are lethally poisoned!
You feel very sick.
Casting: Ensorcelled Hibernation (safe; 1% risk of failure)
Confirm with . or Enter, or press ? or * to list all spells.
You can't see any susceptible monsters within range! (Use Z to cast anyway.) Unknown command.
Casting: Ensorcelled Hibernation (safe; 1% risk of failure)
Confirm with . or Enter, or press ? or * to list all spells.
You don't know that spell.
Casting: Ensorcelled Hibernation (safe; 1% risk of failure)
Confirm with . or Enter, or press ? or * to list all spells.
Okay, then.
Okay, then.
Okay, then.
You are engulfed in dark miasma.
You are more poisoned.
You feel yourself slow down.
You emit a cloud of dark smoke.
You feel extremely sick.
Lom Lobon gestures.
Lom Lobon is healed.
Blink to where?
Press: ? - help, Dir - move target, p - Lom Lobon A merfolk siren comes into view.
It is wielding a +0 trident.
As you read the scroll of blinking, it crumbles to dust.
You radiate an aura of cold.
The merfolk siren seems to slow down.
Lom Lobon is unaffected.
You are engulfed in dark miasma.
You are more poisoned.
You feel as though you will be slow longer.
* * * LOW HITPOINT WARNING * * *
You emit a cloud of dark smoke.
You die... #.)^#^....#..###$# m≈e

#.^°###''##.##..$#
.≈#
#^○###..###..#+###
.≈ #.○####..###...#
.# ##○#..#).#.###.#
m.
##.#...°.....#.###.
####.........#.#○○
#..'......####'#○#
#####...###....#@#
#$[.#####...####○#
#$)...)...###..○○#
?$....#####°.°○###
$..).##.°○○○°○○#
.)..##...°°○§§^#
$$$$#^°^°○°§○○.#
#########§§&°^.#
≈≈≈≈≈ #°°°.°°#


You could see Lom Lobon and a merfolk siren (asleep, slow).

Vanquished Creatures
  4 fire giants (D)
  A lorocyproca (D)
  A hydra (D)
  2 centaur warriors (D)
  Sonja (D)
  A deep troll (D)
  A lindwurm (D)
  An oklob plant (D)
  A gargoyle (D)
  7 unseen horrors (D)
  2 kobold demonologists (D)
  4 demonic crawlers (D)
  A hornet (D)
  A slime creature (D)
  Sigmund (D)
  2 redbacks (D)
  9 hogs (D)
  A yak (D)
  2 floating eyes (D)
  An ogre (D)
  7 necrophages (D)
  8 jellies (D)
  Ijyb (D)
  A ballistomycete spore (D)
61 creatures vanquished.

Vanquished Creatures (others)
  the Lernaean hydra (D)
  A gargoyle (D)
  A hellwing (D)
  2 hornets (D)
  3 hogs (D)
  A floating eye (D)
  A ballistomycete spore (D)
10 creatures vanquished.

Grand Total: 71 creatures vanquished

Notes
Turn   | Place    | Note
-------+----------+-------------------------------------------
     0 | D        | manyhoops the Spriggan Enchanter began the quest for the
                  | Orb.
     0 | D        | Reached XP level 1. HP: 9/9 MP: 5/5
     1 | D        | Noticed Ijyb
    10 | D        | Killed Ijyb
    11 | D        | Reached skill level 10 in Stealth
    11 | D        | Reached XP level 2. HP: 13/13 MP: 6/6
   100 | D        | Learned a level 2 spell: Ensorcelled Hibernation
   101 | D        | Noticed an ogre
   104 | D        | Killed an ogre
   105 | D        | Reached skill level 14 in Stealth
   105 | D        | Reached XP level 3. HP: 16/16 MP: 8/8
   105 | D        | Reached XP level 4. HP: 21/21 MP: 9/9
   213 | D        | Noticed Sigmund
   234 | D        | Killed Sigmund
   235 | D        | Reached skill level 18 in Stealth
   235 | D        | Reached XP level 5. HP: 24/24 MP: 7/10
   235 | D        | Reached XP level 6. HP: 28/28 MP: 7/11
   279 | D        | Found an ornate altar of the Wu Jian Council.
   279 | D        | Found a shimmering blue altar of Sif Muna.
   281 | D        | Found a radiant altar of Vehumet.
   298 | D        | Learned a level 3 spell: Confusing Touch
   302 | D        | Learned a level 3 spell: Dazzling Flash
   325 | D        | Noticed Sonja
   329 | D        | Killed Sonja
   330 | D        | Reached skill level 23 in Stealth
   330 | D        | Reached XP level 7. HP: 32/32 MP: 12/12
   345 | D        | Found Niototau's Magic Scroll Emporium.
   345 | D        | Found an ancient bone altar of Kikubaaqudgha.
   345 | D        | Found a stormy altar of Qazlal.
   345 | D        | Found a blossoming altar of Fedhas.
   345 | D        | Found a bloodstained altar of Trog.
   345 | D        | Found an iron altar of Okawaru.
   345 | D        | Found a glowing golden altar of the Shining One.
   345 | D        | Found a glowing silver altar of Zin.
   345 | D        | Found a white marble altar of Elyvilon.
   345 | D        | Noticed a yak
   346 | D        | Found a hazy altar of Hepliaklqana.
   346 | D        | Found a hide-covered altar of Uskayaw.
   346 | D        | Found a basalt altar of Yredelemnul.
   346 | D        | Found an opulent altar of Gozag.
   346 | D        | Found a snail-covered altar of Cheibriados.
   346 | D        | Found a sacrificial altar of Ru.
   346 | D        | Found a shadowy altar of Dithmenos.
   347 | D        | Killed a yak
   348 | D        | Reached XP level 8. HP: 36/36 MP: 13/13
   348 | D        | Found a sparkling altar of Nemelex Xobeh.
   354 | D        | Became a worshipper of Dithmenos the Shadowed
   511 | D        | Found Pefaakk's General Store.
   519 | D        | Bought a +0 buckler of fire resistance for 138 gold pieces
   519 | D        | Bought a scroll of torment for 90 gold pieces
   531 | D        | Noticed a deep troll
   535 | D        | Killed a deep troll
   536 | D        | Reached skill level 25 in Stealth
   551 | D        | Found Wabrynk's Armour Emporium.
   575 | D        | Found a viscous altar of Jiyva.
   575 | D        | Found a corrupted altar of Lugonu.
   575 | D        | Noticed a slime creature
   576 | D        | Found a burning altar of Makhleb.
   576 | D        | Found a shimmering altar of Xom.
   703 | D        | Killed a hornet
   709 | D        | Killed a slime creature
   770 | D        | Noticed a kobold demonologist
   771 | D        | Noticed a kobold demonologist
   773 | D        | Reached * piety under Dithmenos
   775 | D        | Killed a kobold demonologist
   776 | D        | Reached skill level 26 in Stealth
   776 | D        | Reached XP level 9. HP: 39/39 MP: 14/14
   777 | D        | Killed a kobold demonologist
   811 | D        | Noticed a centaur warrior
   812 | D        | Noticed a centaur warrior
   814 | D        | Killed a centaur warrior
   814 | D        | Reached ** piety under Dithmenos
   815 | D        | Reached skill level 27 in Stealth
   816 | D        | Killed a centaur warrior
   835 | D        | Noticed an oklob plant
   837 | D        | Killed an oklob plant
   838 | D        | Reached XP level 10. HP: 44/44 MP: 15/15
   844 | D        | Reached *** piety under Dithmenos
   870 | D        | Reached skill level 5 in Hexes
   884 | D        | Reached **** piety under Dithmenos
   897 | D        | Reached ***** piety under Dithmenos
  1106 | D        | Found Jixturr's Weapon Boutique.
  1106 | D        | Found Motzimy's Antique Armour Emporium.
  1107 | D        | Found Misamm's Book Emporium.
  1115 | D        | Reached ****** piety under Dithmenos
  1121 | D        | Got the Handbook of Transmigration and Confrontation
  1131 | D        | Found Ytostrumn's Antique Armour Shoppe.
  1131 | D        | Found Kuacsee's Assorted Antiques.
  1131 | D        | Found Rixtait's Antique Weapon Boutique.
  1133 | D        | Found Ostrurgh's Antique Armour Emporium.
  1133 | D        | Found Woyser's Assorted Antiques.
  1133 | D        | Found Nicrug's Antique Weapon Shoppe.
  1133 | D        | Found Juwk's Antique Weapon Boutique.
  1133 | D        | Found Zebb's Magic Scroll Emporium.
  1133 | D        | Found Fiosm's Antique Armour Shop.
  1133 | D        | Found Atruag's General Store.
  1134 | D        | Bought a glowing cloak for 225 gold pieces
  1140 | D        | Bought a ruby ring for 140 gold pieces
  1140 | D        | Bought a pearl ring for 140 gold pieces
  1143 | D        | Found Myssusk's Weapon Boutique.
  1146 | D        | Bought a warped dagger for 147 gold pieces
  1146 | D        | Identified the +7 dagger of Ru's Supremacy {drain, rN+
                  | Dex+5} (You bought it in a shop in the Dungeon)
  1150 | D        | Bought a scroll of identify for 20 gold pieces
  1150 | D        | Bought a scroll of identify for 20 gold pieces
  1150 | D        | Bought a scroll of identify for 20 gold pieces
  1151 | D        | Bought a runed scarf for 232 gold pieces
  1172 | D        | Bought a scroll of blinking for 82 gold pieces
  1188 | D        | Bought 2 potions of heal wounds for 280 gold pieces
  1255 | D        | Bought the +4 skin of Zhor {*Englaciate rC+++ SInv} for 931
                  | gold pieces
  1255 | D        | Found the +4 skin of Zhor {*Englaciate rC+++ SInv}
  1317 | D        | Reached skill level 10 in Hexes
  1350 | D        | Bought a scroll of acquirement for 520 gold pieces
  1350 | D        | Acquired a +2 hat
  1390 | D        | Noticed a lindwurm
  1392 | D        | Killed a lindwurm
  1393 | D        | Reached skill level 15 in Short Blades
  1404 | D        | Noticed a gargoyle
  1413 | D        | Killed a gargoyle
  1414 | D        | Reached XP level 11. HP: 47/47 MP: 16/16
  1444 | D        | Noticed a lorocyproca
  1446 | D        | Killed a lorocyproca
  1573 | D        | Learned a level 3 spell: Tukima's Dance
  1682 | D        | Noticed a 12-headed hydra
  1708 | D        | Killed a 12-headed hydra
  1788 | D        | Noticed a deep elf annihilator
  1788 | D        | Noticed the 27-headed Lernaean hydra
  1860 | D        | Killed the 27-headed Lernaean hydra
  1915 | D        | Noticed a daeva
  1949 | D        | Noticed a fire giant
  1950 | D        | Noticed a fire giant
  1950 | D        | Noticed a fire giant
  1950 | D        | Noticed a fire giant
  1951 | D        | Killed a fire giant
  1954 | D        | Killed a fire giant
  1956 | D        | Killed a fire giant
  1957 | D        | Reached XP level 12. HP: 48/51 MP: 12/17
  1958 | D        | Killed a fire giant
  1996 | D        | Noticed Lom Lobon
  2000 | D        | Succumbed to poison (dark miasma)

Illustrated notes

Levels and vault maps discovered:
D:        dungeon_sprint_1 [red_sonja_temple_1, red_sonja_temple_small_1]

Skill      XL: |  1  2  3  4  5  6  7  8  9 10 11 12 |
---------------+-------------------------------------+-----
Stealth        | 10 14 18 23 26 27 | 27.0
Short Blades   | 4 12 15 20 21 | 21.4
Hexes          | 11 12 | 12.8
Dodging        | |  2.6
Spellcasting   | |  2.6

Action                   |  1- 3 |  4- 6 |  7- 9 | 10-12 || total
-------------------------+-------+-------+-------+-------++-------
Melee: Dagger            |     7 |     3 |    12 |   113 ||   135
 Cast: Ensorcelled Hiber |       |     5 |     9 |     6 ||    20
       Confusing Touch   |       |       |       |     9 ||     9
       Dazzling Flash    |       |       |       |     1 ||     1
Invok: Shadow Step       |       |       |       |     3 ||     3
  Use: Potion            |     1 |     2 |       |     3 ||     6
       Scroll            |       |       |       |     6 ||     6
 Stab: Sleeping          |     2 |     3 |    11 |    31 ||    47
       Confused          |       |       |       |     7 ||     7
       Distracted        |       |       |       |     4 ||     4
       Invisible         |       |       |       |     1 ||     1
Armor: Robe              |       |       |       |     1 ||     1
       Animal skin       |       |       |       |     8 ||     8
Dodge: Dodged            |     3 |     4 |     5 |    33 ||    45
